 Dungeon Crawl Stone Soup version 0.28.0-53-g5a82cb258f (webtiles) character file.

Game seed: 2669653939922066728

913 styxcanada the Covert (level 7, 0/29 (36) HPs)
             Began as a Spriggan Brigand on June 11, 2022.
             Was an Initiate of Gozag.
             Succumbed to a kobold brigand's poison
             ... in a sewer.
             The game lasted 00:20:54 (5879 turns).

styxcanada the Covert (Spriggan Brigand)            Turns: 5879, Time: 00:20:55

HP:   0/29 (36)     AC:  6    Str:  7    XL:     7   Next: 82%
MP:   1/8           EV: 19    Int: 12    God:    Gozag
Gold: 395           SH:  0    Dex: 19    Spells: 6/6 levels left

rFire   . . .      SeeInvis +   a - +4 dagger
rCold   . . .      Faith    .   (no shield)
rNeg    . . .      Spirit   +   b - +0 robe
rPois   .          Reflect  .   p - +2 hat
rElec   .          Harm     .   c - +1 cloak
rCorr   .          Rampage  .   (gloves unavailable)
Will    +....                   (boots unavailable)
Stlth   +++++.....              h - amulet of guardian spirit
HPRegen 0.09/turn               (no ring)
MPRegen 0.11/turn               (no ring)

@: lethally poisoned (0 -> -12), heavily drained, very quick
A: very small, no large weapons, unfitting armour, see invisible, speed 3
a: Renounce Religion, Potion Petition, Call Merchant, Bribe Branch


You were in a sewer.
You worshipped Gozag.
Gozag was aware of your devotion.
You visited 2 branches of the dungeon, and saw 7 of its levels.
You also visited: Sewer.

You collected 447 gold pieces.
You paid 52 gold pieces to Gozag.

Inventory:

Hand Weapons
 a - a +4 dagger (weapon)
 x - a +0 hunting sling
Missiles
 d - 11 poisoned darts (quivered)
 e - 2 curare-tipped darts
 f - 183 stones
 i - 2 throwing nets
 j - 3 boomerangs
 n - 39 sling bullets
Armour
 b - a +0 robe (worn)
 c - a +1 cloak (worn)
 p - a +2 hat (worn)
Jewellery
 h - an amulet of guardian spirit (around neck)
 w - a ring of ice
 B - a ring of magical power
Wands
 s - a wand of digging (4)
 C - a wand of charming (6)
Scrolls
 l - 2 scrolls of fog
 v - a scroll of teleportation
 y - a scroll of enchant armour
 z - a scroll of summoning
Potions
 g - 3 potions of curing
 k - a potion of ambrosia
 m - a potion of haste
 r - a potion of might {unknown}
 t - a potion of lignification {unknown}
 u - a potion of mutation {unknown}


   Skills:
 * Level 3.1 Fighting
 + Level 3.9 Short Blades
 + Level 4.0 Throwing
 * Level 4.7 Dodging
 * Level 10.7 Stealth


You had 6 spell levels left.
You didn't know any spells.
Your spell library contained the following spells:

 Spells                   Type           Power      Damage    Failure   Level
 Animate Skeleton         Necr           0%         N/A       32%         1
 Pain                     Necr           0%         1d4       32%         1
 Summon Small Mammal      Summ           0%         N/A       32%         1
 Vampiric Draining        Necr           0%         2d6       69%         3
 Anguish                  Hex/Necr       0%         N/A       97%         4
 Animate Armour           Summ/Erth      0%         N/A       97%         4
 Fireball                 Conj/Fire      0%         3d3       100%        5
 Simulacrum               Ice/Necr       0%         N/A       100%        6
 Summon Cactus Giant      Summ           0%         N/A       100%        6
 Dragon's Call            Summ           0%         N/A       100%        9


Dungeon Overview and Level Annotations

Branches:
Dungeon (6/15)             Temple (1/1) D:4           Sewer (1/1)

Altars:
Ashenzari
Cheibriados
Elyvilon
Fedhas
Gozag
Hepliaklqana
Kikubaaqudgha
Makhleb
Nemelex Xobeh
Okawaru
Ru
Sif Muna
Trog
Uskayaw
Vehumet
Wu Jian
Xom
Yredelemnul
Zin
The Shining One


Innate Abilities, Weirdness & Mutations

You are very small and have problems with some larger weapons.
You are too small for most types of armour.
You have supernaturally acute eyesight. (SInv)
You cover ground extremely quickly. (Speed+++)


Message History

The kobold brigand closely misses you. x2
The kobold brigand hits you with a +0 short sword.
The kobold closely misses you.
You hit the kobold brigand.
The kobold brigand is moderately wounded.
The kobold brigand closely misses you. x2
The kobold brigand hits you with a +0 short sword.
The kobold hits you with a +0 club.
You hit the kobold brigand.
The kobold brigand is moderately wounded.
The kobold brigand hits you with a +0 club.
The kobold brigand hits you with a +0 dagger.
The kobold brigand closely misses you. The kobold misses you.
You hit the kobold brigand.
The kobold brigand is heavily wounded.
The kobold brigand hits you with a +0 club.
The kobold brigand hits you with a +0 dagger.
The kobold brigand misses you. The kobold misses you.
You hit the kobold brigand.
The kobold brigand is severely wounded.
The kobold brigand closely misses you. The kobold brigand barely misses you.
You hit the kobold brigand but do no damage.
The kobold brigand is severely wounded.
The kobold brigand completely misses you.
The kobold misses you.
You barely miss the kobold brigand.
The kobold brigand is severely wounded.
The kobold brigand hits you with a +0 club.
The kobold brigand completely misses you.
The kobold brigand hits you with a +0 short sword.
* * * LOW HITPOINT WARNING * * *
The kobold hits you with a +0 club.
* * * LOW HITPOINT WARNING * * *
The kobold brigand throws a poisoned dart.
The poisoned dart hits you!
You are lethally poisoned!
The kobold brigand hits you with a +0 club.
* * * LOW HITPOINT WARNING * * *
You die...
Your body crumbles into a pile of gold.

≈≈P
#################≈≈≈
#≈≈≈≈≈≈≈≈≈≈≈≈≈≈≈≈≈≈≈
#≈≈≈≈≈≈≈≈≈≈≈≈≈≈≈≈≈≈≈
#≈≈≈≈≈≈≈≈≈≈≈≈≈≈≈≈≈≈≈
###'########≈≈#######
#...#....#.≈≈≈P≈.....
#.∩.#.KK!'..≈P≈≈.....
#.∩.#..K.@...........
#####..K)#...........
########........P
#P##.....# ### ######


You could see 3 kobold brigands and a kobold.

Vanquished Creatures
  A black bear (D:5)
  2 ogres
  A phantom (D:4)
  A bullfrog (D:6)
  2 scorpions (D:5)
  A water moccasin skeleton (D:5)
  A howler monkey (D:5)
  A bullfrog zombie (D:6)
  A jelly (D:4)
  A bullfrog skeleton (D:4)
  An iguana (D:5)
  Jessica (D:2)
  A gnoll shaman (D:4)
  An adder (D:5)
  4 gnolls (D:4)
  3 worms (D:2)
  4 dart slugs
  3 orcs
  6 ball pythons
  A bat (D:3)
  3 endoplasms
  4 giant cockroaches
  6 hobgoblins
  4 jackals
  2 quokkas
  A frilled lizard (D:3)
  6 goblins
  9 kobolds
  2 rats (D:1)
74 creatures vanquished.

Vanquished Creatures (collateral kills)
  A giant cockroach (D:4)
1 creature vanquished.

Grand Total: 75 creatures vanquished

Notes
Turn   | Place    | Note
-------+----------+-------------------------------------------
     0 | D:1      | styxcanada the Spriggan Brigand began the quest for the
                  | Orb.
     0 | D:1      | Reached XP level 1. HP: 10/10 MP: 2/2
    48 | D:1      | Reached skill level 6 in Stealth
   117 | D:1      | Reached XP level 2. HP: 15/15 MP: 3/3
   475 | D:1      | Reached skill level 7 in Stealth
   497 | D:1      | Reached XP level 3. HP: 6/18 MP: 4/4
   878 | D:2      | Noticed Jessica
   998 | D:2      | Killed Jessica
  1348 | D:2      | Reached XP level 4. HP: 23/23 MP: 5/5
  1998 | D:3      | Got the Papyrus of the Ghastly Volcanoes
  3045 | D:4      | Noticed an ogre
  3049 | D:4      | Killed an ogre
  3050 | D:4      | Reached skill level 8 in Stealth
  3050 | D:4      | Reached XP level 5. HP: 15/27 MP: 3/6
  3164 | D:4      | Found a staircase to the Ecumenical Temple.
  3174 | Temple   | Entered the Ecumenical Temple
  3520 | Temple   | Became a worshipper of Gozag Ym Sagoz the Greedy
  3723 | D:4      | Noticed a phantom
  3739 | D:4      | Killed a phantom
  3740 | D:4      | Reached skill level 9 in Stealth
  3740 | D:4      | Reached XP level 6. HP: 32/32 MP: 7/7
  4027 | D:4      | Got Sif Muna's Catalogue of Creation
  4336 | D:5      | Entered Level 5 of the Dungeon
  4570 | D:5      | Reached XP level 7. HP: 30/35 MP: 6/8
  4609 | D:5      | Reached skill level 10 in Stealth
  5401 | D:6      | HP: 1/29 [wight/+5 mace (7)]
  5427 | D:6      | Found a glowing drain.
  5435 | D:6      | HP: 1/29 [worm (1)]
  5440 | Sewer    | Entered a sewer
  5879 | Sewer    | Succumbed to a kobold brigand's poison

Illustrated notes

Levels and vault maps discovered:
D:1:      ncdulo_smallfort, layout_rooms
D:2:      layout_basic, kennysheep_small_spiral, uniq_jessica
D:3:      layout_basic
D:4:      layout_loops_ring, minmay_temple_entry_drinking_statues
D:5:      layout_rooms, ebering_dispersal_statue_hall
D:6:      layout_rooms, portal_sewer_entry_b
Temple:   mainiacjoe_temple_cubbyholes
Sewer:    kennysheep_pipe_town

Skill      XL: |  1  2  3  4  5  6  7 |
---------------+----------------------+-----
Stealth        | 6 7 8 9 10 | 10.7
Fighting       | 2 3 |  3.1
Dodging        | 2 3 4 |  4.7
Throwing       | 3 4 |  4.0
Short Blades   | 3 |  3.9

Action                   |  1- 3 |  4- 6 |  7- 9 || total
-------------------------+-------+-------+-------++-------
Melee: Dagger            |    63 |   133 |    53 ||   249
       Punch             |     1 |     3 |       ||     4
 Fire: Hunting sling     |       |       |     2 ||     2
Throw: Dart              |    17 |    34 |    17 ||    68
  Use: Scroll            |       |    12 |     4 ||    16
 Stab: Sleeping          |    11 |    10 |     2 ||    23
       Distracted        |       |     1 |       ||     1
Armor: Robe              |     6 |    14 |     7 ||    27
Dodge: Dodged            |    29 |    75 |    55 ||   159
